 Dungeon Sprint DCSS version 0.18.1-47-g9310371 (webtiles) character file.

44006 rftp080 the Tortoise (level 13, -6/116 HPs)
             Began as a Demonspawn Gladiator on June 20, 2016.
             Was the Champion of Makhleb.
             Mangled by a yaktaur captain (30 damage)
             ... in the Dungeon (Sprint IX: "|||||||||||||||||||||||||||||").
             The game lasted 00:13:35 (2458 turns).

rftp080 the Tortoise (Demonspawn Gladiator)         Turns: 2458, Time: 00:13:35

Health: -6/116     AC: -3    Str: 19    XL:     13   Next: 93%
Magic:  13/13      EV: 16    Int: 10    God:    Makhleb [******]
Gold:   755        SH:  0    Dex: 15    Spells: 2 memorised, 3 levels left

rFire  . . .     SeeInvis .     e - +2 lajatang (vamp)
rCold  + . .     Gourm    .     J - +3 chain mail
rNeg   . . .     Faith    .     (shield currently unavailable)
rPois  .         Spirit   .     (helmet restricted)
rElec  .         Dismiss  .     K - +1 cloak
rCorr  .         Reflect  .     r - +0 pair of gloves
SustAt .         Harm     .     (no boots)
MR     .....     NoTele   +     (no amulet)
Stlth  ..........               (no ring)
                                (no ring)

@: corroded, not resistant to hostile enchantments, extremely unstealthy
A: horns 1, molten scales 1, cold resistance 1, powered by pain 1, freezing
cloud immunity
a: Minor Destruction, Lesser Servant of Makhleb, Major Destruction, Greater
Servant of Makhleb, Renounce Religion


You were in the Dungeon.
You worshipped Makhleb.
Makhleb was exalted by your worship.
You were hungry.

You visited 1 branch You collected 1925 gold pieces.
You spent 1170 gold pieces at shops.

Inventory:

Hand Weapons
 a - a +0 quarterstaff
 e - a +2 vampiric lajatang (weapon)
 p - a +0 lajatang
 q - the +11 morningstar "Eos" {elec, -Tele rElec SInv}
   (You found it in the Dungeon)

   Occasionally, upon striking a foe, it will discharge some electrical energy
   and cause terrible harm.
   It insulates you from electricity.
   It lets you see invisible.
   It prevents most forms of teleportation.
Missiles
 d - 3 throwing nets (quivered)
Armour
 b - a +0 leather armour
 c - a +0 helmet
 r - a +0 pair of gloves (worn)
 s - a +2 cloak
 t - a +1 scale mail
 y - a +0 helmet
 I - a +3 scale mail of fire resistance
 J - a +3 chain mail (worn)
 K - a +1 cloak (worn)
 O - a +0 large shield
Magical Staves
 o - an uncursed staff of energy
Jewellery
 u - a +2 ring of protection
 v - a +3 ring of dexterity
 F - an uncursed ring of protection from magic
 G - an uncursed ring of protection from fire
 H - an uncursed ring of see invisible
Wands
 n - a wand of iceblast (3/15)
Scrolls
 k - 3 scrolls of blinking
 l - 3 scrolls of remove curse
 m - 2 scrolls of amnesia
 A - 4 scrolls of enchant weapon
 M - 4 scrolls of recharging
 N - 2 scrolls of enchant armour
Potions
 h - 2 potions of cure mutation
 i - 4 potions of magic
 z - 2 potions of brilliance
Books
 g - a book of Enchantments

   Spells                             Type                      Level
   a - Cause Fear                     Hexes                        4
   b - Yara's Violent Unravelling     Hexes/Transmutation          5
   c - Silence                        Hexes/Air                    5
   d - Deflect Missiles               Charms/Air                   6
   e - Haste                          Charms                       6
   f - Discord                        Hexes                        8
 w - a book of Battle

   Spells                             Type                      Level
   a - Infusion                       Charms                       1
   b - Shroud of Golubria             Charms/Translocation         2
   c - Song of Slaying                Charms                       2
   d - Spectral Weapon                Hexes/Charms                 3
   e - Regeneration                   Charms/Necromancy            3
 x - a book of Maledictions

   Spells                             Type                      Level
   a - Corona                         Hexes                        1
   b - Ensorcelled Hibernation        Hexes/Ice                    2
   c - Confuse                        Hexes                        3
   d - Tukima's Dance                 Hexes                        3
   e - Dazzling Spray                 Conjuration/Hexes            3
Comestibles
 f - 12 bread rations
 C - 40 fruits
 D - 12 meat rations


   Skills:
 + Level 15.3 Fighting
 - Level 15.7(16.9) Maces & Flails
 + Level 11.2(14.7) Staves
 - Level 1.7 Throwing
 + Level 20.0 Armour
 + Level 14.3 Dodging
 - Level 7.3 Shields


You had 3 spell levels left.
You knew the following spells:

 Your Spells              Type           Power        Failure   Level  Hunger
a - Regeneration          Chrm/Necr      #.........   100%        3    ####...
b - Haste                 Chrm           #.......     100%        6    #######


Dungeon Overview and Level Annotations

Branches:
Dungeon (1/1)

Altars:
Cheibriados
Dithmenos
Elyvilon
Fedhas
Gozag
Kikubaaqudgha
Makhleb
Nemelex Xobeh
Okawaru
Pakellas
Qazlal
Ru
Sif Muna
Trog
Vehumet
Xom
Yredelemnul
Zin
The Shining One
Beogh
Jiyva
Lugonu

Shops:
D *::%


Innate Abilities, Weirdness & Mutations

You have a pair of small horns on your head.
You are partially covered in molten scales (AC +1).
Your flesh is cold resistant.
You sometimes gain a little power by taking damage.
You are immune to freezing clouds.


Message History

The yaktaur captain is moderately wounded.
The yaktaur captain hits you!
You hit the yaktaur captain but do no damage.
Your headbutt misses the yaktaur captain.
The yaktaur captain is moderately wounded.
The yaktaur captain hits you!
* * * LOW HITPOINT WARNING * * *
You hit the yaktaur captain but do no damage.
You headbutt the yaktaur captain.
The yaktaur captain is moderately wounded.
You hit the yaktaur captain but do no damage.
You headbutt the yaktaur captain.
The yaktaur captain is moderately wounded.
The yaktaur captain hits you.
* * * LOW HITPOINT WARNING * * *
You hit the yaktaur captain.
You feel better.
You headbutt the yaktaur captain, but do no damage.
The yaktaur captain is moderately wounded.
The yaktaur captain hits you!!
You die...

..............((((.)...........).
▓▓▓▓▓▓▓▓▓▓▓▓▓▓▓▓▓▓▓▓▓▓▓▓▓▓▓▓▓▓▓▓▓
...()(.().)'..........[..[[[.[.))
▓▓▓▓▓▓▓▓▓▓▓▓▓▓▓▓▓▓▓▓▓▓▓▓▓▓▓▓▓▓▓▓▓
.................................
♣♣♣♣♣♣♣♣♣▓▓▓▓▓▓▓▓▓▓▓▓▓▓▓▓▓▓▓▓▓▓▓▓
.....)%.'.)).))(.('....†...†'....
♣♣♣♣♣♣♣♣♣▓▓▓▓▓▓▓▓▓▓▓▓▓▓▓▓▓▓▓▓▓▓▓▓
..........(.....@c...............
▓▓▓▓▓▓▓▓▓▓▓▓▓▓▓▓▓▓▓▓▓▓▓▓▓▓▓▓▓▓▓▓▓
..... ▓▓▓▓▓


You could see a yaktaur captain.

Vanquished Creatures
  Agnes (D)
  A thorn hunter (D)
  A fire giant (D)
  3 stone giants (D)
  A very ugly thing (D)
  Azrael (D)
  2 merfolk impalers (D)
  A fire dragon (D)
  2 entropy weavers (D)
  A yaktaur captain (D)
  A hydra (D)
  Erolcha (D)
  3 centaur warriors (D)
  A naga warrior (D)
  An anaconda (D)
  Erica (D)
  A ghost crab (D)
  An alligator (D)
  2 deep troll shamans (D)
  A deep troll earth mage (D)
  A tengu warrior (D)
  5 orc high priests (D)
  A spriggan druid (D)
  4 orc knights (D)
  A hill giant (D)
  2 wolf spiders (D)
  A mana viper (D)
  3 griffons (D)
  4 ugly things (D)
  A hornet (D)
  A cyclops (D)
  4 black mambas (D)
  2 sirens (D)
  A guardian serpent (D)
  Maurice (D)
  4 spiny frogs (D)
  Joseph (D)
  A freezing wraith (D)
  2 jumping spiders (D)
  A merfolk (D)
  2 giant leeches (D)
  2 blink frogs (D)
  3 bog bodies (D)
  A tarantella (D)
  2 redbacks (D)
  2 yaks (D)
  4 fire elementals (D)
  3 vampire mosquitoes (D)
  An insubstantial wisp (D)
  2 nagas (D)
  A soldier ant (D)
  3 water moccasins (D)
  A hell hound (D)
  2 porcupines (D)
  A swamp drake (D)
  An ice beast (D)
  8 orc warriors (D)
  A phantom (D)
  A centaur (D)
  2 crocodiles (D)
  4 giant frogs (D)
  A howler monkey (D)
  A jelly (D)
  12 orc priests (D)
  3 orc wizards (D)
  An iguana (D)
  3 worker ants (D)
  A sheep (D)
  A gnoll (D)
  A shadow imp (D)
  A giant gecko (D)
  9 orcs (D)
  A bat (D)
  2 giant cockroaches (D)
  A quokka (D)
  A ball python (D)
  A ball python skeleton (D)
  A rat (D)
156 creatures vanquished.

Vanquished Creatures (others)
  A tengu reaver (D)
  A hill giant (D)
2 creatures vanquished.

Grand Total: 158 creatures vanquished

Notes
Turn   | Place    | Note
--------------------------------------------------------------
     0 | D        | rftp080 the Demonspawn Gladiator began the quest for the Orb.
     0 | D        | Reached XP level 1. HP: 16/16 MP: 1/1
    26 | D        | Noticed a howler monkey
    26 | D        | Noticed a phantom
    26 | D        | Noticed a worker ant
    34 | D        | Killed a phantom
    34 | D        | Gained mutation: You are partially covered in molten scales (AC +1). [demonic ancestry]
    34 | D        | Reached XP level 2. HP: 3/22 MP: 2/2
    34 | D        | Reached XP level 3. HP: 4/27 MP: 3/3
    34 | D        | Gained mutation: Your flesh is cold resistant. [demonic ancestry]
    34 | D        | Reached XP level 4. HP: 5/33 MP: 4/4
    40 | D        | HP: 2/49 [howler monkey (2)]
    44 | D        | Reached XP level 5. HP: 3/38 MP: 5/5
    51 | D        | Found a glowing silver altar of Zin.
    51 | D        | Found a glowing golden altar of the Shining One.
    51 | D        | Found an ancient bone altar of Kikubaaqudgha.
    51 | D        | Found a basalt altar of Yredelemnul.
    51 | D        | Found a shimmering altar of Xom.
    51 | D        | Found a radiant altar of Vehumet.
    52 | D        | Found an iron altar of Okawaru.
    53 | D        | Found a burning altar of Makhleb.
    54 | D        | Found a deep blue altar of Sif Muna.
    55 | D        | Found a bloodstained altar of Trog.
    56 | D        | Found a sparkling altar of Nemelex Xobeh.
    57 | D        | Found a white marble altar of Elyvilon.
    58 | D        | Found a roughly hewn altar of Beogh.
    59 | D        | Found a viscous altar of Jiyva.
    60 | D        | Found a corrupted altar of Lugonu.
    61 | D        | Became a worshipper of Makhleb the Destroyer
    62 | D        | Found a blossoming altar of Fedhas.
    63 | D        | Found a snail-covered altar of Cheibriados.
    64 | D        | Found a shadowy altar of Dithmenos.
    65 | D        | Found a stormy altar of Qazlal.
    66 | D        | Found an opulent altar of Gozag.
    67 | D        | Found a sacrificial altar of Ru.
    68 | D        | Found an oddly glowing altar of Pakellas.
   336 | D        | Reached skill level 1 in Maces & Flails
   336 | D        | Reached skill level 1 in Armour
   337 | D        | Reached * piety under Makhleb
   343 | D        | Reached skill level 2 in Armour
   345 | D        | Reached skill level 3 in Armour
   346 | D        | Reached ** piety under Makhleb
   357 | D        | Noticed a centaur warrior
   357 | D        | Noticed a hill giant
   357 | D        | Noticed a hill giant
   357 | D        | Noticed a brown ugly thing
   357 | D        | Noticed a centaur
   366 | D        | Killed a brown ugly thing
   366 | D        | Reached skill level 7 in Armour
   366 | D        | Gained mutation: You have a pair of small horns on your head. [demonic ancestry]
   366 | D        | Reached XP level 6. HP: 43/44 MP: 6/6
   366 | D        | Reached XP level 7. HP: 49/50 MP: 7/7
   369 | D        | Killed a hill giant
   369 | D        | Reached *** piety under Makhleb
   369 | D        | Reached skill level 9 in Armour
   371 | D        | Killed a hill giant
   371 | D        | Reached XP level 8. HP: 56/56 MP: 8/8
   377 | D        | Killed a centaur warrior
   377 | D        | Reached skill level 11 in Armour
   381 | D        | Gained mutation: You sometimes gain a little power by taking damage. [demonic ancestry]
   381 | D        | Reached XP level 9. HP: 45/61 MP: 9/9
   383 | D        | Reached **** piety under Makhleb
   531 | D        | Reached ***** piety under Makhleb
   531 | D        | Reached skill level 12 in Armour
   557 | D        | Noticed a black mamba
   557 | D        | Noticed a spiny frog
   557 | D        | Noticed a spiny frog
   557 | D        | Noticed a spiny frog
   560 | D        | Killed a spiny frog
   568 | D        | Killed a spiny frog
   568 | D        | Reached ****** piety under Makhleb
   568 | D        | Reached skill level 13 in Armour
   575 | D        | Killed a spiny frog
   582 | D        | Killed a black mamba
   582 | D        | Reached XP level 10. HP: 49/67 MP: 10/10
   602 | D        | Noticed a spiny frog
   604 | D        | Killed a spiny frog
   606 | D        | Reached skill level 14 in Armour
   755 | D        | Noticed an orc knight
   763 | D        | Killed an orc knight
   874 | D        | Noticed an orc knight
   875 | D        | Noticed an orc knight
   879 | D        | Killed an orc knight
   879 | D        | Reached skill level 15 in Maces & Flails
   879 | D        | Reached skill level 15 in Armour
   893 | D        | Noticed an orc knight
   907 | D        | Killed an orc knight
   907 | D        | Reached XP level 11. HP: 50/72 MP: 11/11
   920 | D        | Killed an orc knight
  1023 | D        | Found Aptoshreimi's Food Boutique.
  1023 | D        | Noticed an orc high priest
  1023 | D        | Noticed an orc high priest
  1027 | D        | Noticed an orc high priest
  1031 | D        | Killed an orc high priest
  1032 | D        | Noticed a sun demon
  1037 | D        | Killed an orc high priest
  1038 | D        | Found Qacvul's Book Shop.
  1041 | D        | Reached skill level 16 in Armour
  1047 | D        | Noticed a soul eater
  1052 | D        | Killed an orc high priest
  1052 | D        | Reached skill level 5 in Fighting
  1052 | D        | Reached skill level 5 in Dodging
  1053 | D        | Found Vutaut's Book Boutique.
  1056 | D        | Found Atu Haep's Assorted Antiques.
  1057 | D        | Noticed an orc high priest
  1062 | D        | Noticed an orc high priest
  1070 | D        | Killed an orc high priest
  1080 | D        | Killed an orc high priest
  1093 | D        | Bought a book of Enchantments for 650 gold pieces
  1093 | D        | Bought a book of Battle for 520 gold pieces
  1159 | D        | Noticed Joseph
  1168 | D        | Killed Joseph
  1182 | D        | Noticed Maurice
  1192 | D        | Killed Maurice
  1318 | D        | Learned a level 3 spell: Regeneration
  1325 | D        | Learned a level 6 spell: Haste
  1325 | D        | Noticed a white ugly thing
  1325 | D        | Noticed a centaur warrior
  1329 | D        | Killed a centaur warrior
  1333 | D        | Killed a white ugly thing
  1336 | D        | Noticed a brown very ugly thing
  1338 | D        | Noticed a deep troll shaman
  1341 | D        | Noticed a stone giant
  1350 | D        | Noticed a fire giant
  1352 | D        | Noticed a brown ugly thing
  1354 | D        | Killed a brown very ugly thing
  1354 | D        | Reached skill level 17 in Armour
  1357 | D        | Noticed a stone giant
  1360 | D        | Killed a deep troll shaman
  1360 | D        | Reached XP level 12. HP: 95/95 MP: 12/12
  1376 | D        | Killed a stone giant
  1383 | D        | Killed a fire giant
  1383 | D        | Reached skill level 10 in Fighting
  1397 | D        | Killed a stone giant
  1397 | D        | Reached skill level 10 in Dodging
  1398 | D        | Noticed a deep troll shaman
  1404 | D        | Killed a deep troll shaman
  1428 | D        | Noticed Erolcha
  1436 | D        | Killed Erolcha
  1473 | D        | Noticed Erica
  1479 | D        | Reached skill level 18 in Armour
  1481 | D        | Noticed Azrael
  1483 | D        | Killed Erica
  1491 | D        | Killed Azrael
  1541 | D        | Noticed a naga warrior
  1547 | D        | Noticed an anaconda
  1572 | D        | Killed a naga warrior
  1580 | D        | Killed an anaconda
  1639 | D        | Noticed an entropy weaver
  1764 | D        | Killed an entropy weaver
  1785 | D        | Gained mutation: You are immune to freezing clouds. [demonic ancestry]
  1785 | D        | Reached XP level 13. HP: 30/109 MP: 13/13
  1822 | D        | Noticed a merfolk impaler
  1822 | D        | Noticed a merfolk impaler
  1827 | D        | Killed a merfolk impaler
  1827 | D        | Reached skill level 19 in Armour
  1834 | D        | Reached skill level 1 in Shields
  1846 | D        | Killed a merfolk impaler
  2050 | D        | Noticed a thorn hunter
  2058 | D        | Reached skill level 5 in Shields
  2075 | D        | Killed a thorn hunter
  2141 | D        | Noticed Agnes
  2151 | D        | Killed Agnes
  2183 | D        | Reached skill level 10 in Staves
  2284 | D        | Noticed a tengu reaver
  2284 | D        | Noticed a stone giant
  2291 | D        | Killed a stone giant
  2292 | D        | Noticed a fire dragon
  2350 | D        | Killed a tengu reaver
  2350 | D        | Reached skill level 15 in Fighting
  2392 | D        | Killed a fire dragon
  2449 | D        | Reached skill level 20 in Armour
  2458 | D        | Mangled by a yaktaur captain

Skill      XL: |  1  2  3  4  5  6  7  8  9 10 11 12 13 |
---------------+----------------------------------------+-----
Staves         | 8 9 11 | 11.2
Maces & Flails | 7 9 11 13 15 | 15.7
Armour         | 7 9 11 13 15 17 18 20 | 20.0
Fighting       | 9 12 15 | 15.3
Dodging        | 8 12 14 | 14.3
Shields        | 7 |  7.3
Throwing       | |  1.7

Action                   |  1- 3 |  4- 6 |  7- 9 | 10-12 | 13-15 || total
-------------------------+-------+-------+-------+-------+-------++-------
Melee: Quarterstaff      |    22 |    10 |       |       |       ||    32
       Morningstar       |       |    18 |    60 |   310 |    83 ||   471
       Headbutt          |       |       |     9 |    65 |    42 ||   116
       Lajatang          |       |       |       |       |   116 ||   116
Evoke: Wand              |       |       |       |       |     4 ||     4
  Use: Potion            |     2 |     2 |     1 |     8 |     8 ||    21
       Scroll            |       |       |     2 |     1 |     1 ||     4
 Stab: Invisible         |       |       |     2 |       |       ||     2
  Eat: Chunk             |       |       |       |     4 |     3 ||     7
       Bread ration      |       |       |       |       |     1 ||     1
Armor: Leather armour    |     9 |     2 |       |       |       ||    11
       Scale mail        |       |     7 |    14 |    23 |       ||    44
       Chain mail        |       |       |       |    53 |    90 ||   143
Dodge: Dodged            |    11 |    12 |    21 |   129 |   144 ||   317
Block: Large shield      |       |       |       |       |    14 ||    14
